 Dungeon Crawl Stone Soup version 0.30-a0-738-g116ff8c4af (webtiles) character file.

Game seed: 1651866724747216661

2291 jasper the Cleaver (level 9, -3/67 (69) HPs)
             Began as a Demonspawn Cinder Acolyte on Feb 3, 2023.
             Was an Elder of Ignis.
             Slain by a wight
             ... wielding a +3 mace
              (11 damage)
             ... on level 7 of the Dungeon.
             The game lasted 00:14:17 (6809 turns).

jasper the Cleaver (Demonspawn Cinder Acolyte)      Turns: 6809, Time: 00:14:18

HP:   -3/67 (69)    AC: 12    Str: 17    XL:     9   Next: 17%
MP:   1/10          EV: 10    Int: 17    God:    Ignis [****..]
Gold: 278           SH:  0    Dex: 13    Spells: 6/10 levels left

rFire   + . .      SeeInvis .    a - -1 hand axe (flame)
rCold   + . .      Faith    .    (no shield)
rNeg    . . .      Spirit   .    e - +0 acid dragon scales
rPois   .          Reflect  .    w - +0 helmet
rElec   .          Harm     .    c - +0 cloak
rCorr   +          Rampage  .    f - +0 pair of gloves
Will    .....                    m - +0 pair of boots of Courage {Contam Dex+4 Stlth+}
Stlth   ++                       (no amulet)
HPRegen 0.31/turn                y - ring of protection from cold
MPRegen 0.12/turn                (no ring)

@: mighty, lightly drained
A: ignite blood 2, spiny 1, sharp scales 1
a: Renounce Religion, Fiery Armour, Foxfire Swarm, Rising Flame


You were on level 7 of the Dungeon.
You worshipped Ignis.
Ignis was greatly pleased with you.
You visited 1 branch of the dungeon, and saw 7 of its levels.

You collected 314 gold pieces.
You spent 36 gold pieces at shops.

Inventory:

Hand Weapons
 a - a -1 hand axe of flaming (weapon)
 E - a +1 heavy dire flail
Missiles
 i - 39 stones
 z - 5 atropa-tipped darts
 A - 10 poisoned darts
Armour
 b - a +0 robe
 c - a +0 cloak (worn)
 d - a +0 ring mail
 e - +0 acid dragon scales (worn)
 f - a +0 pair of gloves (worn)
 j - an orb of mayhem
 m - the +0 pair of boots of Courage (worn) {Contam Dex+4 Stlth+}
   (You found it on level 2 of the Dungeon)

   Dex:       It affects your dexterity (+4).
   Contam:    It causes magical contamination when unequipped.
   Stlth:     It makes you more stealthy.
 w - a +0 helmet (worn)
Jewellery
 y - a ring of protection from cold (left hand)
Wands
 l - a wand of paralysis (16)
 q - a wand of iceblast (4)
 D - a wand of flame (16)
 F - a wand of digging (5)
Scrolls
 k - a scroll of blinking
 r - a scroll of amnesia
 t - 4 scrolls of teleportation
 v - a scroll of torment
 B - 2 scrolls of immolation
 C - a scroll of magic mapping
 G - a scroll of silence {unknown}
Potions
 h - 2 potions of brilliance
 n - 5 potions of attraction
 o - 3 potions of curing
 p - 6 potions of mutation
 s - a potion of lignification {unknown}
 u - 2 potions of degeneration {unknown}
 x - a potion of ambrosia {unknown}
 H - a potion of haste {unknown}


   Skills:
 + Level 5.8 Fighting
 * Level 8.3 Axes
 - Level 4.0 Armour
 - Level 1.0 Spellcasting
 - Level 4.0 Translocations
 - Level 4.0 Fire Magic


You had 6 spell levels left.
You knew the following spells:

 Your Spells              Type           Power      Damage    Failure   Level
a - Scorch                Fire           28%        2d6       9%          2
b - Blink                 Tloc           28%        N/A       9%          2

Your spell library contained the following spells:

 Spells                   Type           Power      Damage    Failure   Level
 Lesser Beckoning         Tloc           28%        N/A       9%          2
 Momentum Strike          Conj/Tloc      14%        3d8       19%         2
 Kindle Blastsparks       Fire/Tloc/Air  18%        2d11      28%         3
 Iskenderun's Mystic Bla  Conj/Tloc      7%         2d4       77%         4
 Fulminant Prism          Conj/Hex       0%         3d5       95%         4
 Petrify                  Tmut/Erth      0%         N/A       95%         4
 Lee's Rapid Deconstruct  Erth           0%         3d4*      100%        5
 Metabolic Englaciation   Hex/Ice        0%         N/A       100%        5
 Statue Form              Tmut/Erth      0%         N/A       100%        6


Dungeon Overview and Level Annotations

Branches:
Dungeon (7/15)             Temple (0/1) D:5

Altars:
Ashenzari
Wu Jian

Shops:
D:6 ?


Innate Abilities, Weirdness & Mutations

Your demonic aura often causes spilled blood to erupt in flames.
You are partially covered in sharp spines.
You are partially covered in razor-sharp scales. (AC +1, Slay +1)


Message History

The wight barely misses you.
Casting: Scorch (safe; 9% risk of failure)
Press: ? - help, Q - select action, (/) - cycle Dir - look around, f - activate Flames lash the wight.
The wight is severely damaged.
The wight's fire resistance burns away.
The wight hits you with a +0 dagger.
You take 1 damage, and have 23/68 hp.
You now have 0/10 mp.
You completely miss the wight.
The wight is severely damaged.
The wight hits you with a +0 dagger!
* * * LOW HITPOINT WARNING * * *
You feel drained.
* * * LOW HITPOINT WARNING * * *
You take 10 damage, and have 13/66 hp.
You hit the wight. You burn the wight.
The wight is severely damaged.
A wight comes into view. It is wielding a +3 mace.
The wight barely misses you.
You hit the wight. You burn the wight.
You destroy the wight!
You feel very mighty all of a sudden. The wight misses you.
You hit the wight. You burn the wight.
The wight is moderately damaged.
The wight hits you but does no damage.
You closely miss the wight.
The wight is moderately damaged.
The wight hits you with a +3 mace.
* * * LOW HITPOINT WARNING * * *
You take 5 damage, and have 9/67 hp.
You hit the wight. You burn the wight.
The wight is heavily damaged.
The wight hits you with a +3 mace.
* * * LOW HITPOINT WARNING * * *
You take 1 damage, and have 8/67 hp.
You closely miss the wight.
The wight is heavily damaged.
The wight hits you with a +3 mace!
You die...

#.......#
#.......#
####.......#
###........###
###>.............
#.....#..........
#!#....$..........
#.#.#.###....... #
#.z@# ....##.
#.### #.### #. ..
#


You could see a wight.

Vanquished Creatures
  The ghost of Hubris850 the Martial Artist, a novice MfIE of Gozag (D:6)
  Sigmund (D:6)
  Menkaure (D:5)
  A water moccasin (D:6)
  A sky beast (D:6)
  An ogre (D:5)
  A centaur (D:6)
  2 phantoms
  Blork the orc (D:6)
  2 scorpions
  4 wights (D:7)
  2 orc priests
  2 hounds
  2 jellies
  A gnoll bouda (D:6)
  4 iguanas
  An orc wizard (D:3)
  13 adders
  7 gnolls
  A white imp (D:6)
  2 ufetubi (D:4)
  4 worms
  A dart slug (D:1)
  6 orcs
  10 ball pythons
  7 endoplasms
  5 giant cockroaches
  10 goblins
  5 hobgoblins
  6 jackals
  2 quokkas
  7 bats
  2 frilled lizards
  4 kobolds
  4 rats
124 creatures vanquished.

Vanquished Creatures (others)
  34 foxfires
34 creatures vanquished.

Grand Total: 158 creatures vanquished

Notes
Turn   | Place    | Note
-------+----------+-------------------------------------------
     0 | D:1      | jasper the Demonspawn Cinder Acolyte began the quest for
                  | the Orb.
     0 | D:1      | Reached XP level 1. HP: 18/18 MP: 2/2
   182 | D:1      | Reached skill level 3 in Axes
   311 | D:1      | Gained mutation: You are partially covered in razor-sharp
                  | scales. (AC +1, Slay +1) [demonic ancestry]
   311 | D:1      | Reached XP level 2. HP: 24/24 MP: 3/3
   469 | D:1      | Reached XP level 3. HP: 29/29 MP: 4/4
  1005 | D:1      | Reached skill level 4 in Axes
  1355 | D:2      | Learned a level 2 spell: Scorch
  1358 | D:2      | Learned a level 2 spell: Blink
  1416 | D:2      | Gained mutation: Your demonic aura sometimes causes spilled
                  | blood to erupt in flames. [demonic ancestry]
  1416 | D:2      | Reached XP level 4. HP: 31/35 MP: 5/5
  1564 | D:2      | Identified the +0 pair of boots of Courage {Contam Dex+4
                  | Stlth+}
  2019 | D:3      | Reached skill level 5 in Axes
  2024 | D:3      | Gained mutation: Your demonic aura often causes spilled
                  | blood to erupt in flames. [demonic ancestry]
  2024 | D:3      | Reached XP level 5. HP: 41/41 MP: 3/6
  3170 | D:4      | Reached skill level 1 in Translocations
  3267 | D:4      | Found an ornate altar of the Wu Jian Council.
  3355 | D:4      | Gained mutation: You are partially covered in sharp spines.
                  | [demonic ancestry]
  3355 | D:4      | Reached XP level 6. HP: 47/47 MP: 2/7
  4260 | D:5      | Entered Level 5 of the Dungeon
  4480 | D:5      | Reached XP level 7. HP: 52/52 MP: 3/8
  4617 | D:5      | Found a staircase to the Ecumenical Temple.
  4710 | D:5      | Noticed Menkaure
  4783 | D:5      | Killed Menkaure
  4784 | D:5      | Reached skill level 1 in Armour
  5441 | D:6      | Reached skill level 6 in Axes
  5623 | D:6      | Reached XP level 8. HP: 59/60 MP: 2/9
  5703 | D:6      | Noticed Blork the orc
  5722 | D:6      | Killed Blork the orc
  5977 | D:6      | Reached skill level 7 in Axes
  6090 | D:6      | Found a broken altar of Ashenzari.
  6206 | D:6      | Found Qacwobba's Magic Scroll Boutique.
  6209 | D:6      | Bought a scroll of teleportation for 36 gold pieces
  6316 | D:6      | Noticed Sigmund
  6324 | D:6      | Killed Sigmund
  6325 | D:6      | Reached skill level 5 in Fighting
  6359 | D:6      | Found a runed translucent door.
  6600 | D:6      | Noticed Hubris850's ghost (novice MfIE)
  6621 | D:6      | Killed Hubris850's ghost
  6622 | D:6      | Reached skill level 8 in Axes
  6622 | D:6      | Reached XP level 9. HP: 27/68 MP: 0/10
  6809 | D:7      | Slain by a wight

Illustrated notes

Levels and vault maps discovered:
D:1:      saegor_arrival_simple_d, layout_basic, nicolae_wormholes
D:2:      layout_loops_ring, mrwooster_statue_mirror
D:3:      layout_basic, minmay_misc_feat_encased
D:4:      wad_lake_hut, layout_basic, nzn_wu_jian_contemplation
D:5:      layout_loops_ring, minmay_temple_entry_tees, uniq_menkaure
D:6:      layout_loops_ring, cheibrodos_ashenzari_chains,
          ebering_ghost_reflecting_pool, serial_shops,
          nicolae_shop_behind_doors, uniq_blork_the_orc, uniq_sigmund
D:7:      layout_basic, gammafunk_ghost_grave, st_stairs_2

Skill      XL: |  1  2  3  4  5  6  7  8 |
---------------+-------------------------+-----
Axes           | 3 4 5 6 8 |  8.3
Fire Magic     | 3 4 |  4.0
Translocations | 1 4 |  4.0
Armour         | 2 4 |  4.0
Fighting       | 4 5 |  5.8
Spellcasting   | |  1.0

Action                     |  1- 3 |  4- 6 |  7- 9 || total
---------------------------+-------+-------+-------++-------
  Melee: Hand axe          |   130 |    89 |    92 ||   311
         Punch             |     2 |       |       ||     2
  Throw: Stone             |     1 |     7 |     1 ||     9
         Dart              |       |       |     3 ||     3
   Cast: Scorch            |       |    40 |    48 ||    88
 Invoke: Foxfire Swarm     |     1 |     1 |       ||     2
  Evoke: Wand              |       |       |     2 ||     2
    Use: Scroll            |     1 |    12 |     1 ||    14
         Potion            |       |       |     3 ||     3
   Stab: Sleeping          |       |     1 |       ||     1
 Armour: Acid dragon scale |    63 |    39 |    40 ||   142
         Robe              |     2 |       |       ||     2
  Dodge: Dodged            |    75 |    46 |    40 ||   161

Table legend: (Time is in decaauts)
 A = Elapsed time spent in this place.
 B = Non-inter-level travel time spent in this place.
 C = Inter-level travel time spent in this place.
 D = Time resting spent in this place.
 E = Time spent auto-exploring this place.
 F = Levels seen in this place.
 G = Mean time per level.
                   A        B        C        D        E       F      G
               +--------+--------+--------+--------+--------+-----+--------+
         Total |   6869 |   6534 |    335 |    674 |   4706 |   7 |  981.3 |
       Dungeon |   6869 |   6534 |    335 |    674 |   4706 |   7 |  981.3 |
               +--------+--------+--------+--------+--------+-----+--------+

Top non-repeatable levels by time:
     D:6: 1371 daAuts
     D:4: 1364 daAuts
     D:1: 1274 daAuts
     D:5: 1147 daAuts
     D:3: 955 daAuts
     D:2: 723 daAuts
     D:7: 33 daAuts
